 Dungeon Crawl Stone Soup version 0.27-a0-1140-g099f9bb0e8 (webtiles) character file.

Game seed: 1684736189014627472

37 Froggeryz the Cudgeller (level 3, -1/27 HPs)
             Began as a Human Wanderer on May 10, 2021.
             Slain by an adder (2 damage)
             ... on level 2 of the Dungeon.
             The game lasted 00:02:02 (2126 turns).

Froggeryz the Cudgeller (Human Wanderer)            Turns: 2126, Time: 00:02:03

Health: -1/27      AC:  3    Str: 15    XL:     3   Next: 62%
Magic:  3/3        EV: 10    Int: 13    God:
Gold:   52         SH:  3    Dex:  9    Spells: 1/2 levels left

rFire    . . .     SeeInvis .   a - +0 club
rCold    . . .     Faith    .   c - +0 buckler
rNeg     . . .     Spirit   .   f - +0 leather armour
rPois    .         Reflect  .   (no helmet)
rElec    .         Harm     .   (no cloak)
rCorr    .         Rampage  .   (no gloves)
Will     .....                  (no boots)
Stlth    +.........             (no amulet)
HPRegen  0.09/turn              (no ring)
MPRegen  0.08/turn              (no ring)

@: lethally poisoned (-1 -> -4)
A: no striking features
a: no special abilities


You were on level 2 of the Dungeon.
You visited 1 branch of the dungeon, and saw 2 of its levels.

You collected 52 gold pieces.

Inventory:

Hand Weapons
 a - a +0 club (weapon)
Missiles
 d - 8 boomerangs (quivered)
 m - 8 poisoned darts
Armour
 c - a +0 buckler (worn)
 f - a +0 leather armour (worn)
Jewellery
 i - a +6 ring of intelligence
Scrolls
 b - a scroll of fear {unknown}
 h - a scroll of identify {unknown}
 j - a scroll of magic mapping {unknown}
 k - a scroll of teleportation
 l - a scroll of blinking {unknown}
Potions
 g - a potion of heal wounds
Miscellaneous
 e - a lightning rod (4/4)


   Skills:
 - Level 2.0 Fighting
 * Level 2.3 Maces & Flails
 - Level 2.0 Crossbows
 - Level 1.0 Armour
 + Level 1.9 Shields
 - Level 2.0 Hexes
 - Level 1.0 Summonings
 - Level 1.0 Evocations


You had one spell level left.
You knew the following spells:

 Your Spells              Type           Power      Damage    Failure   Level
a - Summon Small Mammal   Summ           8%         N/A       32%         1

Your spell library contained the following spells:

 Spells                   Type           Power      Damage    Failure   Level
 Call Canine Familiar     Summ           2%         N/A       69%         3


Dungeon Overview and Level Annotations

Branches:
Dungeon (2/15)

Altars:


Message History

HP restored.
Found 8 poisoned darts.
You now have 52 gold pieces (gained 14).
g - a potion of heal wounds
l - a scroll labelled DECKUF USATUCU An adder comes into view.
The adder hisses angrily.
The adder bites you but does no damage.
You see here 8 poisoned darts.
m - 8 poisoned darts You block the adder's attack.
You hit the adder but do no damage. The adder bites you. x2
You are poisoned.
The adder poisons you!
You hit the adder.
The adder is lightly wounded.
You feel sick. The adder bites you.
You hit the adder.
The adder is moderately wounded.
You feel sick. You block the adder's attack. The adder bites you.
You hit the adder but do no damage.
The adder is moderately wounded.
You feel sick.
You are no longer poisoned.
The adder misses you. You block the adder's attack.
You hit the adder.
The adder is heavily wounded.
The adder misses you.
You completely miss the adder.
The adder is heavily wounded.
The adder bites you.
* * * LOW HITPOINT WARNING * * *
You are poisoned.
The adder poisons you! The adder bites you.
* * * LOW HITPOINT WARNING * * *
You miss the adder.
The adder is heavily wounded.
* * * LOW HITPOINT WARNING * * *
You feel sick. The adder bites you.
You die...

#.........# #.#
###.......# #.##
#.##.#.># #..# #.##.#..#
##.# #.......# #.#
####.#.## #.# #.#.# #.#
#######.# # #†#
......S@# ########.#
.####................<.#
#.###.############## #.
.# #. # #


You could see an adder.

Vanquished Creatures
  An adder (D:2)
  An endoplasm (D:1)
  A giant cockroach (D:1)
  5 goblins (D:1)
  2 hobgoblins (D:1)
  4 jackals (D:2)
  2 kobolds (D:1)
  4 ball pythons (D:1)
  3 frilled lizards (D:1)
  3 rats (D:1)
26 creatures vanquished.

Notes
Turn   | Place    | Note
-------+----------+-------------------------------------------
     0 | D:1      | Froggeryz the Human Wanderer began the quest for the Orb.
     0 | D:1      | Froggeryz set off with the following items: a +0 club, a +0
                  | buckler, a +0 robe, a lightning rod (4/4); and the
                  | following spell memorised: Summon Small Mammal; and the
                  | following spells available to memorise: Call Canine
                  | Familiar
     0 | D:1      | Reached XP level 1. HP: 16/16 MP: 1/1
   352 | D:1      | Reached skill level 1 in Maces & Flails
   418 | D:1      | Reached XP level 2. HP: 8/22 MP: 2/2
  1130 | D:1      | Found a faded altar of an unknown god.
  1275 | D:1      | Reached XP level 3. HP: 19/27 MP: 3/3
  2126 | D:2      | HP: 1/27 [poisoned by an adder]
  2126 | D:2      | Slain by an adder

Illustrated notes

Levels and vault maps discovered:
D:1:      nzn_arrival_settlement, layout_basic,
          shapermc_ecumenical_altar_mp_ritualfount, serial_bayou_lagoon_b
D:2:      layout_loops_ring

Skill      XL: |  1  2  3 |
---------------+----------+-----
Maces & Flails | 1 2 |  2.3
Fighting       | |  2.0
Crossbows      | |  2.0
Armour         | |  1.0
Shields        | |  1.9
Hexes          | |  2.0
Summonings     | |  1.0
Evocations     | |  1.0

Action                   || total
-------------------------++-------
Melee: Club              ||   104
       Unarmed           ||    16
Throw: Boomerang         ||     7
 Cast: Summon Small Mamm ||     1
  Use: Scroll            ||     1
       Potion            ||     1
Armor: Robe              ||    14
       Leather armour    ||    17
Dodge: Dodged            ||    58
Block: Buckler           ||    23

Table legend: (Time is in decaauts)
 A = Elapsed time spent in this place.
 B = Non-inter-level travel time spent in this place.
 C = Inter-level travel time spent in this place.
 D = Time resting spent in this place.
 E = Time spent auto-exploring this place.
 F = Levels seen in this place.
 G = Mean time per level.
                   A        B        C        D        E       F      G
               +--------+--------+--------+--------+--------+-----+--------+
         Total |   2189 |   2040 |    149 |    508 |   1253 |   2 | 1094.5 |
       Dungeon |   2189 |   2040 |    149 |    508 |   1253 |   2 | 1094.5 |
               +--------+--------+--------+--------+--------+-----+--------+

Top non-repeatable levels by time:
     D:1: 1983 daAuts
     D:2: 205 daAuts
